 Dungeon Crawl Stone Soup version 0.24-a0-499-g1074bba3cf (webtiles) character file.

Game seed: 4923777591500031663

60012 Azzok the Scorcher (level 14, -15/93 HPs)
             Began as a Hill Orc Fire Elementalist on July 14, 2019.
             Was a High Priest of Vehumet.
             Killed from afar by a rime drake (36 damage)
             ... with a flash freeze
             ... on level 6 of the Lair of Beasts.
             The game lasted 00:51:47 (29756 turns).

Azzok the Scorcher (Hill Orc Fire Elementalist)    Turns: 29756, Time: 00:51:48

Health: -15/93     AC:  6    Str: 12    XL:     14   Next: 97%
Magic:  15/29      EV: 12    Int: 19    God:    Vehumet [*****.]
Gold:   1026       SH:  9    Dex:  9    Spells: 9/35 levels left

rFire    + . .     SeeInvis +   Q - staff of poison
rCold    x . .     Gourm    .   p - +0 buckler
rNeg     + . .     Faith    .   u - +1 robe of Snakes and Ladders {rN+ Regen+ rCorr Dex-2}
rPois    +         Spirit   .   O - +0 hat {MR+}
rElec    .         Reflect  +   B - +0 cloak
rCorr    +         Harm     .   (no gloves)
MR       ++...                  k - +1 pair of boots
Stlth    ++........             i - +5 amulet of reflection
HPRegen  0.65/turn              v - ring of see invisible
MPRegen  0.21/turn              t - ring of fire

@: no status effects
A: no striking features
a: Renounce Religion


You were on level 6 of the Lair of Beasts.
You worshipped Vehumet.
Vehumet was extremely pleased with you.
You were hungry.

You visited 3 branches of the dungeon, and saw 19 of its levels.
You also visited: Ice Cave.

You collected 1175 gold pieces.
You spent 149 gold pieces at shops.

Inventory:

Hand Weapons
 w - a +2 falchion of holy wrath
Armour
 k - a +1 pair of boots (worn)
 p - a +0 buckler (worn)
 u - the +1 robe of Snakes and Ladders (worn) {rN+ Regen+ rCorr Dex-2}
   (You found it on level 8 of the Dungeon)

   It affects your dexterity (-2).
   It protects you from negative energy.
   It increases your rate of regeneration.
   It provides partial protection from all sources of acid and corrosion.
 z - the +3 robe "Efugh" {rC++ MR+ Dex+3}
   (You found it on level 6 of the Dungeon)

   It affects your dexterity (+3).
   It greatly protects you from cold.
   It affects your resistance to hostile enchantments.
 B - a +0 cloak (worn)
 O - a +0 hat of magic resistance (worn)
Magical Staves
 H - an uncursed staff of wizardry
 Q - an uncursed staff of poison (weapon)
Jewellery
 i - a +5 amulet of reflection (around neck)
 m - an uncursed ring of protection from fire
 t - a ring of fire (right hand)
 v - a ring of see invisible (left hand)
 A - an uncursed ring of ice
 E - an uncursed ring of resist corrosion
Wands
 a - a wand of scattershot (5)
 I - a wand of paralysis (10)
Scrolls
 e - 10 scrolls of teleportation
 j - 3 scrolls of fear
 l - a scroll of blinking
 q - 7 scrolls of remove curse
 s - 7 scrolls of magic mapping
 x - a scroll of immolation
 y - 2 scrolls of fog
 D - a scroll of amnesia
 J - a scroll of silence {unknown}
Potions
 b - 4 potions of haste
 d - 8 potions of heal wounds
 f - 5 potions of curing
 g - a potion of invisibility
 h - 3 potions of brilliance
 n - a potion of might
 o - 5 potions of mutation {!q}
 r - a potion of magic
 C - 4 potions of flight
 K - a potion of ambrosia
 L - a potion of cancellation
 N - 2 potions of agility
Miscellaneous
 F - a lightning rod (4/4)
Comestibles
 c - 8 rations
 G - 11 chunks of flesh


   Skills:
 - Level 1.5 Dodging
 - Level 1.5 Stealth
 - Level 4.0 Shields
 + Level 11.2 Spellcasting
 + Level 13.9 Conjurations
 + Level 15.2 Fire Magic
 + Level 7.4 Evocations


You had 9 spell levels left.
You knew the following spells:

 Your Spells              Type           Power        Failure   Level  Hunger
a - Flame Tongue          Conj/Fire      #####        0%          1    None
b - Conjure Flame         Conj/Fire      #######.     1%          3    None
c - Sticky Flame          Conj/Fire      #######.     1%          4    ##.....
d - Fireball              Conj/Fire      #######...   1%          5    ####...
e - Bolt of Fire          Conj/Fire      #######...   1%          6    ######.
f - Orb of Destruction    Conj           ######....   5%          7    #######

Your spell library contained the following spells:

 Spells                   Type           Power        Failure   Level  Hunger
 Shock                    Conj/Air       ####         1%          1    None
 Throw Flame              Conj/Fire      ######       1%          2    None
 Inner Flame              Hex/Fire       ######..     1%          3    None
 Static Discharge         Conj/Air       #####...     1%          3    None
 Lightning Bolt           Conj/Air       #####.....   3%          5    ####...
 Beastly Appendage        Tmut           ##....       7%          1    None
 Confusing Touch          Hex            ##....       7%          1    None
 Sticks to Snakes         Tmut           ##......     10%         2    None
 Swiftness                Chrm/Air       ##......     10%         2    None
 Airstrike                Air            ##........   17%         4    ##.....
 Confuse                  Hex            ##......     21%         3    None
 Gell's Gravitas          Tloc           ##........   21%         3    None
 Spider Form              Tmut/Pois      ###.......   21%         3    None
 Yara's Violent Unravell  Hex/Tmut       ##........   41%         5    ####...
 Ice Form                 Ice/Tmut       ##......     54%         4    ##.....
 Petrify                  Tmut/Erth      ##......     54%         4    ##.....
 Blade Hands              Tmut           ##........   88%         5    ####...
 Metabolic Englaciation   Hex/Ice        ##........   88%         5    ####...
 Haunt                    Necr/Summ      ##........   100%        7    #######
 Borgnjor's Revivificati  Necr           ##........   100%        8    #######
 Death's Door             Chrm/Necr      ##........   100%        8    #######
 Infestation              Necr           ##........   100%        8    #######
 Necromutation            Tmut/Necr      ##........   100%        8    #######


Dungeon Overview and Level Annotations

Branches:
Dungeon (12/15)            Temple (1/1) D:6            Lair (6/6) D:8
  Swamp (0/4) Lair:2        Snake (0/4) Lair:2        Slime (0/5) Lair:5
    Orc (0/2) D:10

Altars:
Ashenzari
Cheibriados
Dithmenos
Elyvilon
Fedhas
Gozag
Hepliaklqana
Kikubaaqudgha
Makhleb
Nemelex Xobeh
Okawaru
Qazlal
Ru
Sif Muna
Trog
Uskayaw
Vehumet
Wu Jian
Xom
Yredelemnul
Zin
The Shining One
Jiyva

Shops:
D:5 ?

Annotations:
D:6 1 runed translucent door, Azzok's ghost, novice DrEE
Lair:4 1 runed translucent door, Bemoimo's ghost, journeyman DDEE


Message History

Vehumet accepts your kill.
You feel your power returning.
The bolt of fire hits Josephine!!!
You kill Josephine!
Vehumet accepts your kill. The wind drake bites you!
The komodo dragon bites you! The wind drake flaps its wings at you.
The air twists around and strikes you!
* * * LOW HITPOINT WARNING * * *
You block the rime drake's attack. The komodo dragon barely misses you.
The hornet misses you.
A spiny frog comes into view.
The wind drake bites you but does no damage.
There is a stone staircase leading up, spattered with blood here.
The ice encasing you melts away.
The spiny frog croaks.
The hornet barely misses you. The rime drake bites you!
* * * LOW HITPOINT WARNING * * *
The rime drake breathes ice at you. The flash freeze hits you!!!
You feel a painful chill!
You die...

▒ ·▒▒·
▒▒▒▒▒▒▒▒▒▒·
·····▒·····P····
········kk······
·······l@y······
·············W··
················
····k·····)·····
·F··············
················
·≈···≈≈·≈···≈≈··
▒≈≈▒▒≈≈▒▒≈≈▒▒W··
≈≈ ▒P≈ ≈≈▒ ···


You could see a wind drake, a komodo dragon, a spiny frog, 2 rime drakes, a
hornet and 2 wraiths.

Vanquished Creatures
  Gastronok (Lair:1)
  Nessos (Lair:5)
  Snorg (Lair:4)
  Josephine (Lair:6)
  Fannar (Lair:2)
  Erolcha (D:9)
  Harold (Lair:1)
  5 hydras
  Erica (Lair:1)
  2 two-headed ogres (D:11)
  Urug (D:10)
  6 death yaks (Lair:5)
  Sonja (Lair:1)
  2 unseen horrors (D:11)
  A lindwurm (Lair:3)
  A wolf spider zombie (D:8)
  A deep elf mage (D:12)
  4 oklob plants (Lair:4)
  5 ugly things
  2 slime creatures (D:12)
  A cyclops (D:11)
  2 manticores (D:12)
  4 black mambas
  Maurice (D:11)
  3 ice statues (IceCv)
  Psyche (D:8)
  6 elephants
  A gargoyle (D:11)
  11 spiny frogs
  3 rime drakes
  7 komodo dragons
  2 trolls
  3 polar bears
  11 blink frogs
  10 hippogriffs
  2 bog bodies (Lair:2)
  A centaur simulacrum (D:12)
  46 yaks
  A wyvern (D:11)
  5 basilisks
  Grum (Lair:1)
  3 nagas (Lair:2)
  2 swamp worms (Lair:2)
  A soldier ant (D:11)
  7 orc warriors
  14 water moccasins
  6 porcupines
  A sky beast (D:5)
  An eye of draining (D:10)
  3 black bears
  4 ogres
  20 ice beasts
  2 phantoms
  8 crocodiles
  8 wolves
  3 centaurs (D:7)
  A big kobold (D:8)
  10 bullfrogs
  A wyvern zombie (D:11)
  A gnoll sergeant (D:9)
  5 scorpions
  9 killer bees
  2 vampire bats (D:4)
  3 wights
  5 howler monkeys
  An electric eel (Lair:2)
  8 crimson imps
  A bullfrog zombie (D:7)
  A quasit (D:7)
  3 centaur zombies
  5 hounds
  A centaur skeleton (D:9)
  9 orc priests
  3 jellies
  8 orc wizards
  5 bullfrog skeletons
  2 iguanas
  6 worker ants
  3 hell rats (Lair:5)
  A killer bee zombie (D:7)
  2 hound skeletons
  2 worker ant zombies
  Robin (D:3)
  17 gnolls
  A howler monkey skeleton (D:8)
  11 river rats
  12 adders
  3 shadow imps
  2 white imps (D:9)
  A howler monkey simulacrum (D:9)
  2 worker ant simulacra (D:9)
  An ooze (D:5)
  An ufetubus (D:9)
  An adder zombie (D:6)
  3 adder skeletons
  3 dart slugs
  10 leopard geckos
  60 orcs
  2 ball pythons
  7 giant cockroaches
  9 goblins
  7 hobgoblins
  6 jackals
  16 kobolds
  9 quokkas
  15 bats
  5 frilled lizards
  2 jackal skeletons
  A leopard gecko skeleton (D:4)
  2 quokka skeletons
  21 rats
  4 fungi (Lair:4)
  5 plants
582 creatures vanquished.

Vanquished Creatures (others)
  A jelly (D:8)
  A goblin (D:3)
  2 fungi (Lair:5)
  7 plants
  4 toadstools (D:1)
15 creatures vanquished.

Grand Total: 597 creatures vanquished

Notes
Turn   | Place    | Note
-------+----------+-------------------------------------------
     0 | D:1      | Azzok the Hill Orc Fire Elementalist began the quest for
                  | the Orb.
     0 | D:1      | Reached XP level 1. HP: 14/14 MP: 3/3
   444 | D:1      | Reached XP level 2. HP: 17/20 MP: 0/4
  1142 | D:1      | Reached XP level 3. HP: 18/26 MP: 0/6
  1147 | D:1      | Learned a level 3 spell: Conjure Flame
  1858 | D:2      | Found a hazy altar of Hepliaklqana.
  1858 | D:2      | Found an ancient bone altar of Kikubaaqudgha.
  1858 | D:2      | Found a blossoming altar of Fedhas.
  1858 | D:2      | Found a glowing golden altar of the Shining One.
  1858 | D:2      | Found a burning altar of Makhleb.
  1860 | D:2      | Found a shadowy altar of Dithmenos.
  1861 | D:2      | Found a sacrificial altar of Ru.
  2268 | D:2      | Reached skill level 4 in Fire Magic
  2528 | D:2      | Reached XP level 4. HP: 33/33 MP: 4/7
  2925 | D:3      | Noticed Robin
  3170 | D:3      | Killed Robin
  3311 | D:3      | Learned a level 4 spell: Sticky Flame
  3416 | D:3      | Reached XP level 5. HP: 38/38 MP: 6/8
  4054 | D:4      | Reached skill level 1 in Shields
  4271 | D:4      | Reached XP level 6. HP: 45/45 MP: 4/10
  4638 | D:4      | Noticed an orc warrior
  4659 | D:4      | HP: 1/45 [orc warrior/+0 glaive (17)]
  4660 | D:4      | Killed an orc warrior
  4660 | D:4      | Reached skill level 5 in Fire Magic
  5010 | D:4      | Reached XP level 7. HP: 48/50 MP: 3/11
  5677 | D:5      | Entered Level 5 of the Dungeon
  5880 | D:5      | Found a sparkling altar of Nemelex Xobeh.
  6280 | D:5      | Found Cowowin's Magic Scroll Emporium.
  6283 | D:5      | Bought a scroll of identify for 26 gold pieces
  6283 | D:5      | Bought a scroll of noise for 13 gold pieces
  6287 | D:5      | Bought a scroll of teleportation for 39 gold pieces
  6287 | D:5      | Bought a scroll of fog for 26 gold pieces
  6287 | D:5      | Bought a scroll of fear for 45 gold pieces
  6418 | D:5      | Reached skill level 6 in Fire Magic
  6418 | D:5      | Reached XP level 8. HP: 44/57 MP: 6/13
  7125 | D:5      | Reached skill level 5 in Conjurations
  7848 | D:6      | Reached skill level 7 in Fire Magic
  8013 | D:6      | Found a staircase to the Ecumenical Temple.
  8022 | Temple   | Entered the Ecumenical Temple
  8179 | Temple   | Became a worshipper of Vehumet
  8377 | D:6      | Got an ichor-stained robe
  8378 | D:6      | Identified the +3 robe "Efugh" {rC++ MR+ Dex+3} (You found
                  | it on level 6 of the Dungeon)
  8412 | D:6      | Found a runed translucent door.
  8413 | D:6      | Noticed Azzok's ghost (novice DrEE)
  8838 | D:7      | Reached XP level 9. HP: 62/62 MP: 4/16
  8945 | D:7      | Found a hide-covered altar of Uskayaw.
  9149 | D:7      | Reached skill level 5 in Spellcasting
  9532 | D:7      | Learned a level 5 spell: Fireball
  9587 | D:7      | Reached skill level 8 in Fire Magic
  9771 | D:7      | Reached * piety under Vehumet
  9771 | D:7      | Offered knowledge of Magic Dart by Vehumet.
 10297 | D:8      | Got a crude robe
 10601 | D:8      | Reached skill level 9 in Fire Magic
 10604 | D:8      | Reached XP level 10. HP: 49/69 MP: 0/19
 11105 | D:8      | Found a staircase to the Lair.
 11534 | D:8      | Noticed Psyche
 11543 | D:8      | Killed Psyche
 11811 | D:9      | Offered knowledge of Freeze by Vehumet.
 11829 | D:9      | Reached ** piety under Vehumet
 12229 | D:9      | Reached skill level 10 in Fire Magic
 12610 | D:9      | Noticed Erolcha
 12615 | D:9      | Killed Erolcha
 12615 | D:9      | Reached XP level 11. HP: 74/74 MP: 5/21
 12796 | D:9      | Identified the +1 robe of Snakes and Ladders {rN+ Regen+
                  | rCorr Dex-2} (You found it on level 8 of the Dungeon)
 13071 | D:9      | Offered knowledge of Stone Arrow by Vehumet.
 13172 | D:9      | Found a glowing silver altar of Zin.
 13269 | D:9      | Reached skill level 11 in Fire Magic
 13311 | D:9      | Reached *** piety under Vehumet
 13358 | D:9      | Found a bloodstained altar of Trog.
 13934 | D:10     | Entered Level 10 of the Dungeon
 14410 | D:10     | Reached skill level 10 in Conjurations
 14531 | D:10     | Offered knowledge of Iskenderun's Mystic Blast by Vehumet.
 14644 | D:10     | Found a staircase to the Orcish Mines.
 15446 | D:11     | Noticed Urug
 15446 | D:11     | Noticed a cyan ugly thing
 15460 | D:11     | Killed a cyan ugly thing
 15729 | D:11     | Found a shimmering altar of Xom.
 15736 | D:11     | Reached **** piety under Vehumet
 15742 | D:11     | Noticed an unseen horror
 15748 | D:11     | Killed an unseen horror
 16037 | D:11     | Noticed Maurice
 16052 | D:10     | Killed Urug
 16163 | D:11     | Paralysed by Maurice for 2 turns
 16168 | D:11     | Killed Maurice
 16416 | D:11     | Noticed a five-headed hydra
 16422 | D:11     | Killed a five-headed hydra
 16532 | D:11     | Reached skill level 12 in Fire Magic
 16532 | D:11     | Reached XP level 12. HP: 81/81 MP: 13/24
 16548 | D:11     | Offered knowledge of Throw Icicle by Vehumet.
 16981 | D:11     | Noticed a two-headed ogre
 16983 | D:11     | Killed a two-headed ogre
 17626 | D:11     | HP: 1/81 [wyvern (18)]
 17753 | D:12     | Noticed a two-headed ogre
 17765 | D:11     | Killed a two-headed ogre
 18838 | D:12     | Reached skill level 13 in Fire Magic
 19210 | Lair:1   | Entered Level 1 of the Lair of Beasts
 19256 | Lair:1   | Noticed Grum
 19260 | Lair:1   | Killed Grum
 19452 | Lair:1   | Noticed Erica
 19455 | Lair:1   | Killed Erica
 19457 | Lair:1   | Noticed Sonja
 19459 | Lair:1   | Killed Sonja
 19599 | Lair:1   | Reached XP level 13. HP: 86/86 MP: 13/26
 19705 | Lair:1   | Reached ***** piety under Vehumet
 19708 | Lair:1   | Offered knowledge of Bolt of Fire by Vehumet.
 19718 | D:8      | Learned a level 6 spell: Bolt of Fire
 19914 | Lair:1   | Noticed Gastronok
 20229 | Lair:1   | Reached skill level 1 in Evocations
 20298 | Lair:1   | Noticed Harold
 20323 | Lair:1   | Killed Harold
 20621 | Lair:1   | Killed Gastronok
 20867 | Lair:1   | Reached skill level 10 in Spellcasting
 21129 | Lair:2   | Noticed Fannar
 21682 | Lair:2   | Killed Fannar
 21985 | Lair:2   | Found a staircase to the Snake Pit.
 22273 | Lair:2   | Reached skill level 14 in Fire Magic
 22814 | Lair:2   | Found a staircase to the Swamp.
 23208 | Lair:3   | Found a frozen archway.
 23222 | IceCv    | Entered an ice cave
 24042 | Lair:3   | Reached XP level 14. HP: 93/93 MP: 20/28
 24055 | Lair:3   | Reached skill level 5 in Evocations
 24597 | Lair:3   | Offered knowledge of Orb of Destruction by Vehumet.
 24637 | Lair:3   | Learned a level 7 spell: Orb of Destruction
 25035 | Lair:4   | Noticed Snorg
 25184 | Lair:4   | Killed Snorg
 26197 | Lair:4   | Found a runed translucent door.
 26197 | Lair:4   | Found a shimmering altar of Xom.
 26197 | Lair:4   | Noticed Bemoimo's ghost (journeyman DDEE)
 27354 | Lair:5   | Found a staircase to the Slime Pits.
 27354 | Lair:5   | Found a viscous altar of Jiyva.
 27637 | Lair:5   | Noticed Nessos
 27640 | Lair:5   | Killed Nessos
 28148 | Lair:5   | Reached skill level 15 in Fire Magic
 29104 | Lair:6   | Entered Level 6 of the Lair of Beasts
 29239 | Lair:6   | Noticed Josephine
 29754 | Lair:6   | Killed Josephine
 29756 | Lair:6   | Killed from afar by a rime drake

Levels and vault maps discovered:
D:1:      ldierk_walled_garden_2, layout_loops_corners
D:2:      layout_loops_corners, grunt_temple_overflow_open
D:3:      layout_rooms, gup_sewer_entry_bubbles, first_ration, uniq_robin
D:4:      layout_basic, minivault_25, roderic_batcave
D:5:      layout_loops_ring, nicolae_overflow_hidden_temple, serial_shops, shop
D:6:      layout_loops_ring, temple_hall, gammafunk_ghost_grave
D:7:      layout_rooms, eat_drink_and_be_merry_uskayaw
D:8:      layout_basic, david_lair_shrubbed, uniq_psyche
D:9:      layout_loops_ring, trog_ov_bears_minmay, lemuel_crystal_altar,
          serial_ice, serial_ice_d, serial_ice_i, serial_ice_o, serial_ice_h,
          uniq_erolcha
D:10:     layout_grid_maze, david_orc_3
D:11:     layout_basic, basic_altar, uniq_maurice, uniq_urug
D:12:     minmay_distorted_concentric_squares, layout_rooms
Temple:   minmay_temple_curvy_loop
Lair:1:   layout_roguey, grunt_megastairs_3, uniq_erica, uniq_gastronok,
          uniq_harold, uniq_grum, uniq_sonja
Lair:2:   layout_small_grid, nicolae_swamp_entry_splash_gauntlet,
          minmay_snake_entry_guardpost_small, infiniplex_staircase_pool,
          uniq_fannar
Lair:3:   layout_cave_shapes, portal_ice_cave_entry_ice_beasts
Lair:4:   layout_cave_pods, ebering_ghost_xom, minmay_lair_oklob_chamber,
          uniq_snorg
Lair:5:   beast_lair_carwin_large_4, layout_hall_layers, slime_altar_1,
          kennysheep_abandoned_house, uniq_nessos
Lair:6:   gammafunk_lair_ancient_temple, layout_regular_city,
          serial_bayou_lagoon_a, uniq_josephine

Skill      XL: |  1  2  3  4  5  6  7  8  9 10 11 12 13 14 |
---------------+-------------------------------------------+-----
Spellcasting   | 2 3 4 6 7 8 9 10 11 | 11.2
Conjurations   | 2 3 4 6 7 9 10 12 13 | 13.9
Fire Magic     | 4 5 6 7 9 10 12 13 14 15 | 15.2
Shields        | 1 2 3 4 |  4.0
Evocations     | 4 7 |  7.4
Dodging        | |  1.5
Stealth        | |  1.5

Action                   |  1- 3 |  4- 6 |  7- 9 | 10-12 | 13-15 || total
-------------------------+-------+-------+-------+-------+-------++-------
Melee: Unarmed           |     6 |       |       |       |       ||     6
       Whip              |    25 |    27 |    16 |       |       ||    68
       Falchion          |       |       |    69 |    72 |       ||   141
       Staff             |       |       |       |       |     5 ||     5
 Cast: Flame Tongue      |    63 |   104 |   247 |   337 |   143 ||   894
       Sticky Flame      |       |     5 |    22 |    69 |    43 ||   139
       Fireball          |       |       |     1 |    85 |   209 ||   295
       Conjure Flame     |       |       |       |     4 |     1 ||     5
       Bolt of Fire      |       |       |       |       |     7 ||     7
       Orb of Destructio |       |       |       |       |    10 ||    10
Evoke: Wand              |       |       |     4 |     1 |     1 ||     6
  Use: Potion            |       |     2 |       |     3 |       ||     5
       Scroll            |       |       |    11 |     5 |     8 ||    24
  Eat: Chunk             |     6 |     6 |    12 |    25 |    34 ||    83
       Ration            |       |     1 |     3 |     9 |    14 ||    27
Armor: Robe              |     5 |    29 |    60 |    90 |    27 ||   211
Dodge: Dodged            |    24 |    58 |    86 |   166 |    69 ||   403
Block: Other             |    10 |    31 |    15 |       |       ||    56
       Reflection        |     2 |     4 |     2 |     6 |     1 ||    15
       Buckler           |       |       |    91 |   151 |    79 ||   321
       Rpst.: Falchion   |       |       |    17 |    43 |     2 ||    62

Table legend:
 A = Non-vault XP
 B = Vault XP
 C = Vault XP percentage of total XP
 D = Non-vault monster count
 E = Vault monster count
 F = Vault count percentage of total count
                 A         B        C        D         E       F
            +---------+---------+-------+---------+---------+-------
      Total |   48039 |   37693 |  44.0 |     425 |     150 |  26.1
            +---------+---------+-------+---------+---------+-------
        D:1 |      43 |       0 |   0.0 |      25 |       0 |   0.0
        D:2 |      52 |      14 |  21.2 |      18 |       7 |  28.0
        D:3 |      46 |      45 |  49.5 |      17 |      11 |  39.3
        D:4 |     400 |     123 |  23.5 |      17 |       9 |  34.6
        D:5 |     907 |       0 |   0.0 |      36 |       0 |   0.0
        D:6 |     676 |       0 |   0.0 |      22 |       0 |   0.0
        D:7 |     977 |       0 |   0.0 |      25 |       0 |   0.0
        D:8 |    3630 |    1108 |  23.4 |      58 |       6 |   9.4
        D:9 |    2396 |    2299 |  49.0 |      29 |      14 |  32.6
       D:10 |    1476 |    1176 |  44.3 |      14 |       7 |  33.3
       D:11 |    6663 |    1939 |  22.5 |      36 |       5 |  12.2
       D:12 |    3495 |    1792 |  33.9 |      27 |       5 |  15.6
     Lair:1 |    4150 |    6530 |  61.1 |      12 |      11 |  47.8
     Lair:2 |    4459 |    2380 |  34.8 |      21 |       9 |  30.0
     Lair:3 |    7757 |    1053 |  12.0 |      22 |       8 |  26.7
     Lair:4 |    2656 |    3461 |  56.6 |       8 |       6 |  42.9
     Lair:5 |    7042 |   10651 |  60.2 |      32 |      38 |  54.3
     Lair:6 |    1214 |    1849 |  60.4 |       6 |       3 |  33.3
      IceCv |       0 |    3273 | 100.0 |       0 |      11 | 100.0
            +---------+---------+-------+---------+---------+-------
